AoeStats
← 夜清尘

Arena

509310125Analyzed
4v4 RM · 7d ago on Sep 26, 2026· 39m 17s· 8 players
Game mode
Random Map
Map size
Large (8 player)
Population
200
Speed
Normal
Resources
Standard
Victory
Conquest
Starting age
Dark Age
Ending age
Imperial Age
RankedLock teamsTeams togetherTeam positionsShared explorationLock speedFull tech treeHidden civsTurbo modeCheats
Victory
Defeat
🇯🇵 Slavs · Japan
1052
+18
🇨🇳 Britons · China
1033
+18
🇹🇼 Byzantines · Taiwan
1027
+19
🇹🇼 Khmer · Taiwan
1017
+19
🇨🇳 Mongols · China
1327
-27
🇨🇳 Gurjaras · China
1040
-17
🇭🇰 Varangians · Hong Kong SAR China
942
-13
sususu
6:38 Loom
11:06 Feudal Age
15:00 Castle Age
13:09 Horse Collar
13:19 Double-Bit Axe
15:03 Loom
16:28 Horse Collar
20:36 Gold Mining
22:25 Fletching
25:24 Padded Archer Armor
26:39 Bow Saw
28:09 Ballistics
29:07 Wheelbarrow
28:40 Bodkin Arrow
29:49 Yeomen
31:22 Heavy Plow
33:03 Leather Archer Armor
36:22 Imperial Age
34:10 Hand Cart
33:53 Gambesons
34:20 Town Watch
35:13 Squires
35:15 Treadmill Crane
37:33 Bracer
38:23 Gold Shaft Mining
37:54 Crossbowman
39:17 Conscription
capybara56
11:20 Feudal Age
9:35 Loom
16:18 Fletching
28:43 Castle Age
28:28 Double-Bit Axe
28:26 Horse Collar
33:46 Imperial Age
31:13 Pikeman
33:56 Fortified Wall
33:31 Treadmill Crane
34:19 Scale Mail Armor
34:15 Bodkin Arrow
38:25 Wheelbarrow
Soracha(o'-')o
8:33 Loom
10:50 Feudal Age
11:16 Double-Bit Axe
11:14 Horse Collar
11:47 Gold Mining
14:28 Horse Collar
15:44 Town Watch
16:39 Wheelbarrow
15:58 Stone Mining
17:01 Town Watch
20:42 Castle Age
21:01 Forging
20:52 Scale Mail Armor
21:49 Squires
21:10 Pikeman
22:54 Bow Saw
24:17 Heavy Plow
29:16 Hand Cart
30:14 Gold Shaft Mining
30:19 Chain Mail Armor
30:59 Fortified Wall
31:26 Masonry
34:43 Imperial Age
32:47 Detinets
34:11 Murder Holes
34:20 Devotion
35:13 Iron Casting
34:45 Scale Barding Armor
34:58 Bloodlines
34:54 Husbandry
35:21 Ballistics
35:48 Conscription
36:09 Hoardings
37:17 Blast Furnace
37:21 Chemistry
36:42 Elite Boyar
39:06 Druzhina
38:55 Onager
40:08 Chain Barding Armor
Heisenberg5566
10:38 Feudal Age
11:37 Loom
14:32 Castle Age
12:34 Double-Bit Axe
12:53 Horse Collar
20:21 Wheelbarrow
20:12 Bow Saw
21:13 Heavy Plow
24:16 Stone Mining
24:47 Gold Mining
26:19 Hand Cart
28:10 Gold Shaft Mining
28:15 Stone Shaft Mining
30:13 Imperial Age
27:37 Town Watch
29:10 Town Patrol
30:32 Scale Barding Armor
30:37 Forging
30:50 Ballistics
30:40 Masonry
31:06 Bloodlines
30:57 Husbandry
31:38 Conscription
31:49 Chain Barding Armor
32:34 Chemistry
31:45 Fortified Wall
32:23 Double Crossbow
33:07 Elite Ballista Elephant
37:04 Hoardings
叫声乌鸦哥
8:40 Feudal Age
13:14 Castle Age
11:43 Double-Bit Axe
12:22 Horse Collar
14:29 Heavy Plow
18:41 Fervor
20:45 Bow Saw
21:52 Wheelbarrow
21:08 Loom
21:51 Gold Mining
22:05 Town Watch
27:27 Imperial Age
25:52 Gold Shaft Mining
26:07 Hand Cart
28:07 Onager
29:11 Siege Engineers
29:55 Drill
30:07 Siege Onager
32:39 Chemistry
31:37 Fletching
32:43 Bodkin Arrow
33:09 Ballistics
34:15 Caravan
34:22 Stone Mining
34:40 Nomads
35:01 Conscription
34:42 Bracer
夜清尘
10:33 Feudal Age
14:28 Castle Age
12:42 Double-Bit Axe
13:18 Horse Collar
15:25 Wheelbarrow
14:36 Loom
16:03 Bow Saw
26:30 Stone Mining
26:33 Gold Mining
30:07 Imperial Age
27:23 Town Watch
28:28 Husbandry
28:39 Bloodlines
29:43 Scale Barding Armor
29:48 Forging
29:05 Vendel Legacy
30:15 Cavalier
31:17 Conscription
30:20 Elite Jarl
31:22 Chain Barding Armor
31:09 Heavy Plow
31:58 Stone Shaft Mining
30:56 Light Cavalry
31:19 Elite Varangian Guard
31:44 Arson
32:00 Squires
32:02 Scale Mail Armor
32:10 Caravan
33:13 Iron Casting
33:17 Plate Barding Armor
33:21 Iron Casting
33:50 Gambesons
33:32 Hussar
33:37 Gothikon
34:37 Chain Mail Armor
34:45 Town Patrol
35:01 Hand Cart
35:59 Two-Man Saw
34:57 Fletching
37:08 Blast Furnace
36:56 Crop Rotation
38:35 Plate Mail Armor
39:33 Siege Engineers
我说狂阿七比肥龙强,B站关注狂阿七谢谢喵
10:02 Feudal Age
11:16 Double-Bit Axe
13:43 Castle Age
12:11 Horse Collar
14:49 Bow Saw
23:46 Wheelbarrow
25:07 Hand Cart
24:59 Gold Mining
25:10 Heavy Plow
29:07 Imperial Age
26:23 Loom
26:24 Town Watch
26:45 Treadmill Crane
27:26 Ballistics
26:59 Fletching
27:14 Scale Mail Armor
27:27 Forging
27:25 Stone Mining
28:10 Gold Shaft Mining
27:47 Masonry
27:35 Murder Holes
28:20 Bodkin Arrow
28:41 Chain Mail Armor
29:59 Iron Casting
29:12 Elite Varangian Guard
29:53 Squires
29:38 Arson
29:40 Gambesons
29:57 Bracer
31:01 Chemistry
30:29 Conscription
30:48 Redemption
30:58 Sanctity
31:03 Bloodlines
30:54 Husbandry
30:18 Clerical Recruitment
31:29 Thumb Ring
32:31 Plate Mail Armor
31:28 Elite Hearth Troop
32:35 Guilds
32:52 Shield Wall
34:02 Block Printing
34:13 Illumination
34:30 Theocracy
33:22 Heavy Mounted Crossbowman
33:23 Cranequins
34:42 Hoardings
34:38 Architecture
34:13 Siege Engineers
34:19 Siege Engineers
34:38 Padded Archer Armor
34:44 Scale Barding Armor
36:34 Arrowslits
36:40 Guard Tower
37:25 Leather Archer Armor
37:31 Chain Barding Armor
LLK是给
7:58 Feudal Age
6:48 Loom
8:32 Double-Bit Axe
11:54 Town Watch
12:28 Horse Collar
14:39 Fletching
17:08 Wheelbarrow
22:21 Castle Age
22:59 Bodkin Arrow
24:13 Bow Saw
24:05 Heavy Plow
26:07 Gold Mining
30:54 Forging
31:58 Hand Cart
35:22 Gold Shaft Mining
34:38 Stone Mining
34:40 Treadmill Crane
38:48 Imperial Age
36:57 Caravan
38:58 Stone Shaft Mining
Connection lost

Rejoining the realm…

Still unreachable

The connection could not be restored.

Session expired

The server has moved on; the page needs a fresh start.